 Dungeon Crawl Stone Soup version 0.31-a0-1589-g8f5e8aebd6 (webtiles) character file.

Game seed: 11305870796052559178

11 nightchill the Ruffian (level 2, 23/23 HPs)
             Began as a Draconian Shapeshifter on Jan 5, 2024.
             Quit the game on level 1 of the Dungeon.
             The game lasted 00:02:15 (272 turns).

nightchill the Ruffian (Draconian Shapeshifter)      Turns: 272, Time: 00:02:16

Health: 23/23      AC:  4    Str: 16    XL:     2   Next: 13%
Magic:  2/2        EV: 12    Int: 10    God:
Gold:   41         SH:  0    Dex: 10    Spells: 1/1 levels left

rFire   . .          .
                       - Unarmed
rCold   . . .        (no shield)
rNeg    . . .        (body armour unavailable)
rPois   .            (helmet restricted)
rElec   .            (no cloak)
rCorr   .            (no gloves)
SInv    .            (no boots)
Will    .....        (no amulet)
Stlth   +            (no ring)
HPRegen 0.23/turn    (no ring)
MPRegen 0.08/turn

%: no passive effects
@: no status effects
A: AC +4, unfitting armour, cold-blooded
a: no special abilities


You were on level 1 of the Dungeon.
You visited 1 branch of the dungeon, and saw 1 of its levels.

You collected 41 gold pieces.

Inventory:

Talismans
 b - a beast talisman
 c - a flux talisman
Scrolls
 d - a scroll of identify {unknown}
 e - a scroll of immolation {unknown}
 f - a scroll of fear {unknown}
Potions
 a - a potion of lignification
 g - a potion of enlightenment {unknown}


   Skills:
 + Level 1.3 Fighting
 + Level 1.9 Dodging
 * Level 3.2 Unarmed Combat
 * Level 3.2 Shapeshifting


You had one spell level left.
You didn't know any spells.
Your spell library was empty.

Dungeon Overview and Level Annotations

Branches:
Dungeon (1/15)

Altars:


Innate Abilities, Weirdness & Mutations

Your plain brown scales are hard. (AC +4)
You cannot fit into any form of body armour.
You are cold-blooded and may be slowed by cold attacks.


Message History

You closely miss the kobold. The kobold misses you.
The frilled lizard misses you.
You barely miss the kobold. The kobold closely misses you.
The frilled lizard closely misses you.
You hit the kobold.
Your tail-slap misses the kobold.
The kobold is severely wounded.
The frilled lizard misses you. The kobold barely misses you. x2
The frilled lizard unfolds its giant frill.
The frilled lizard closely misses you.
You closely miss the kobold.
The kobold is severely wounded.
The frilled lizard bites you.
* * * LOW HITPOINT WARNING * * *
The kobold misses you.
You barely miss the kobold.
Your tail-slap misses the kobold.
The kobold is severely wounded.
The kobold hits you with a +0 club.
* * * LOW HITPOINT WARNING * * *
The frilled lizard completely misses you.
The kobold barely misses you. The frilled lizard misses you.
You closely miss the kobold. You tail-slap the kobold.
You kill the kobold!
The frilled lizard misses you.
You closely miss the frilled lizard.
Your tail-slap misses the frilled lizard.
The frilled lizard bites you but does no damage. x2
You closely miss the frilled lizard. The frilled lizard barely misses you.
You hit the frilled lizard.
You kill the frilled lizard!
You feel yourself speed up.
You start resting.
HP restored.
You begin untransforming.
You continue untransforming. x3
Your transformation has ended.
Sorry, you're not good enough to have a special ability.
You don't know any spells.
Your library has no spells.
Sorry, you're not good enough to have a special ability.
Unknown command.
Are you sure you want to abandon this character and quit the game? (Confirm with "yes".)

.. ##### .# ...# ##########
..# ##.####........#...# .#
# .##.............#...# #.#
##..#.................+....
....#.................#.#.#
.####............#........#
...........#####@#......#.#
#.....##########.#.........
..##................)...#
...........................
...........................
................##.........
............)... #.....#...
........######## ###...# ##
+###.... .....


There were no monsters in sight!

Vanquished Creatures
  2 endoplasms (D:1)
  2 goblins (D:1)
  A kobold (D:1)
  2 quokkas (D:1)
  A ball python (D:1)
  A frilled lizard (D:1)
9 creatures vanquished.

Notes
Turn   | Place    | Note
-------+----------+-------------------------------------------
     0 | D:1      | nightchill the Draconian Shapeshifter began the quest for
                  | the Orb.
     0 | D:1      | Reached XP level 1. HP: 16/16 MP: 1/1
   184 | D:1      | Reached XP level 2. HP: 5/23 MP: 2/2
   272 | D:1      | Quit the game

Illustrated notes

Levels and vault maps discovered:
D:1:      erik_arrival_cave_to_civilisation [erik_arrival_cave_to_hall],
          layout_basic, minmay_split_cup_large

Action                     || total
---------------------------++-------
  Melee: Unarmed           ||    31
         Tailslap          ||     1
Ability: Begin Untransform ||     1
 Armour: Skin              ||    15
  Dodge: Dodged            ||    29

Table legend: (Time is in decaauts)
 A = Elapsed time spent in this place.
 B = Non-inter-level travel time spent in this place.
 C = Inter-level travel time spent in this place.
 D = Time resting spent in this place.
 E = Time spent auto-exploring this place.
 F = Levels seen in this place.
 G = Mean time per level.
                   A        B        C        D        E       F      G
               +--------+--------+--------+--------+--------+-----+--------+
         Total |    276 |    276 |      0 |     70 |    128 |   1 |  276.0 |
       Dungeon |    276 |    276 |      0 |     70 |    128 |   1 |  276.0 |
               +--------+--------+--------+--------+--------+-----+--------+

Top non-repeatable levels by time:
     D:1: 276 daAuts
